 Dungeon Crawl Stone Soup version 0.30.1-11-g7821555f0a (webtiles) character file.

Game seed: 17955298381094129747

4435 caec the Martial Artist (level 10, -13/73 HPs)
             Began as a Yellow Draconian Transmuter on Dec 20, 2023.
             Was an Initiate of Hepliaklqana.
             Mangled by a two-headed ogre
             ... wielding a +0 giant club
              (15 damage)
             ... on level 9 of the Dungeon.
             The game lasted 00:35:35 (9017 turns).

caec the Martial Artist (DrTm)                      Turns: 9017, Time: 00:35:36

Health: -13/73     AC: 13    Str: 10    XL:     10   Next: 14%
Magic:  18/19      EV: 14    Int: 20    God:    Hepliaklqana [......]
Gold:   1217       SH:  0    Dex: 16    Spells: 11/21 levels left

rFire   + +          +
                       - Unarmed
rCold   + . .        (no shield)
rNeg    . . .        (body armour unavailable)
rPois   +            (helmet restricted)
rElec   +            A - scarf {rC+ rF+}
rCorr   +            (no gloves)
SInv    .            t - +1 pair of boots
Will    .....        r - amulet "Moytiucu" {rElec rPois rF+++ Regen+ Str-2}
Stlth   ++           j - +4 ring of protection
HPRegen 1.12/turn    w - +6 ring of intelligence
MPRegen 0.16/turn

%: random rage (3%)
@: short of breath, wereblooded
A: spit acid, AC +7, unfitting armour, cold-blooded, acid resistance, stinger 1,
talons 1, berserk 1
a: Breathe Acid, Renounce Religion


You were on level 9 of the Dungeon.
You worshipped Hepliaklqana.
Hepliaklqana was noncommittal.
You visited 2 branches of the dungeon, and saw 10 of its levels.
You also visited: Sewer, Ossuary and Bailey.

You collected 1245 gold pieces.
You spent 28 gold pieces at shops.

Inventory:

Hand Weapons
 y - a +0 flail
 B - the +5 morningstar of Ugrot {flame, rF+ Int+3}
   (You took it off a kobold in a bailey)

   Int:       It affects your intelligence (+3).
   rF:        It protects you from fire.
Missiles
 o - 24 poisoned darts (quivered)
 C - 4 atropa-tipped darts
 D - 4 datura-tipped darts
Armour
 t - a +1 pair of boots (worn)
 u - a +0 cloak
 A - a scarf of resistance (worn)
Jewellery
 j - a +4 ring of protection (left hand)
 r - the amulet "Moytiucu" (around neck) {rElec rPois rF+++ Regen+ Str-2}
   (You found it on level 4 of the Dungeon)

   [amulet of regeneration]

   Str:       It affects your strength (-2).
   rF:        It renders you almost immune to fire.
   rElec:     It insulates you from electricity.
   rPois:     It protects you from poison.
   Regen:     It increases your rate of health regeneration.
 w - a +6 ring of intelligence (right hand)
Wands
 z - a wand of paralysis (8)
 G - a wand of polymorph (14)
Scrolls
 b - 3 scrolls of amnesia
 c - 5 scrolls of teleportation
 i - a scroll of vulnerability
 l - 5 scrolls of poison
 m - 2 scrolls of blinking
 p - 2 scrolls of brand weapon
 v - a scroll of fog
Potions
 a - 8 potions of lignification
 d - 3 potions of brilliance
 e - 9 potions of curing
 f - 2 potions of might
 g - a potion of magic
 k - 3 potions of invisibility
 n - 4 potions of attraction
 s - a potion of berserk rage
 x - 2 potions of haste {unknown}
 E - a potion of heal wounds {unknown}
 F - a potion of flight {unknown}


   Skills:
 + Level 2.2 Fighting
 - Level 3.1 Throwing
 + Level 4.7 Dodging
 + Level 3.2 Stealth
 + Level 10.0 Unarmed Combat
 + Level 6.1 Spellcasting
 + Level 6.2 Transmutations
 + Level 0.2 Ice Magic
 + Level 0.5 Poison Magic


You had 11 spell levels left.
You knew the following spells:

 Your Spells              Type           Power      Damage    Failure   Level
a - Beastly Appendage     Tmut           62%        N/A       1%          1
b - Wereblood             Tmut           31%        N/A       1%          2
c - Spider Form           Tmut/Pois      19%        N/A       8%          3
d - Ice Form              Ice/Tmut       19%        N/A       26%         4

Your spell library contained the following spells:

 Spells                   Type           Power      Damage    Failure   Level
 Magic Dart               Conj           24%        1d4       11%         1
 Poisonous Vapours        Pois/Air       14%        N/A       14%         2
 Call Imp                 Summ           12%        N/A       16%         2
 Mephitic Cloud           Conj/Pois/Air  6%         N/A       28%         3
 Anguish                  Hex/Necr       3%         N/A       71%         4
 Cause Fear               Hex            3%         N/A       71%         4
 Leda's Liquefaction      Hex/Erth       3%         N/A       71%         4
 Freezing Cloud           Conj/Ice/Air   3%         6-21      95%         5
 Lee's Rapid Deconstruct  Erth           3%         3d5*      96%         5
 Statue Form              Tmut/Erth      12%        N/A       99%         6
 Simulacrum               Ice/Necr       3%         N/A       100%        6
 Enfeeble                 Hex            3%         N/A       100%        7
 Ozocubu's Refrigeration  Ice            3%         4d8       100%        7
 Polar Vortex             Ice            3%         N/A       100%        9


Dungeon Overview and Level Annotations

Branches:
Dungeon (9/15)             Temple (1/1) D:7           Sewer (visited)
Ossuary (visited)          Bailey (visited)
   Lair: D:8-11         Orc: D:9-12

Altars:
Ashenzari
Elyvilon
Fedhas
Gozag
Hepliaklqana
Kikubaaqudgha
Makhleb
Nemelex Xobeh
Okawaru
Ru
Sif Muna
Trog
Uskayaw
Vehumet
Wu Jian
Xom
Yredelemnul
Zin
The Shining One

Shops:
D:9 *

Annotations:
D:5 2 transporters, Jingleheimer's ghost, novice OpTm
D:9 Grum


Innate Abilities, Weirdness & Mutations

You can spit globs of acid.
Your golden yellow scales are hard. (AC +7)
You cannot fit into any form of body armour.
You are cold-blooded and may be slowed by cold attacks.
You are resistant to acid. (rCorr)
Your tail ends in a venomous barb.
You have sharp toenails.
You sometimes lose your temper in combat.


Message History

The orc completely misses you.
You hit the orc warrior.
The orc warrior looks as sick as possible!
The orc warrior is almost dead.
The orc warrior barely misses you. The orc closely misses you.
You bite the orc warrior!
You feel a bit better.
You kill the orc warrior!
Your transformation has ended.
Your scarf of resistance unmelds from your body.
Your +0 pair of boots unmelds from your body.
You feel resistant to extremes of temperature.
The orc closely misses you.
Your Unarmed Combat skill increases to level 10!
The orc barely misses you.
Things that are here:
a +0 hand axe; a +0 ring mail
Press: ? - help, Shift-Dir - straight line, f - two-headed ogre
Aim: a two-headed ogre, wielding two +0 giant clubs (83% to hit)
You spit a glob of acid.
The glob of acid hits the two-headed ogre!!
The acid splashes onto the orc!
The orc is splashed with acid.
The acid splashes onto the orc!
The orc is splashed with acid!
The acid corrodes the orc!
You kill the orc!
The two-headed ogre is heavily wounded.
You howl as the wereblood boils in your veins!
The two-headed ogre attacks as you move away!
The two-headed ogre hits you but does no damage.
The two-headed ogre hits you with a +0 giant club!!
* * * LOW HITPOINT WARNING * * *
Okay, then.
Okay, then.
As you read the scroll labelled TEESI KIUSMYDA, it crumbles to dust.
It is a scroll of enchant armour.
Your +0 pair of boots glows green for a moment.
The orc completely misses you.
The two-headed ogre hits you with a +0 giant club!
* * * LOW HITPOINT WARNING * * *
The two-headed ogre hits you with a +0 giant club!
You die...

#.# #..# #..........# #.#
#..# #o.........# #.# #..#
#o.........# #..#
#..........# #..#
#..........# .#####[.#
#..........# #........#
#..........#
#......†.#######........).#
#.........@O.)..).........#
#...........o))...........#
#.........######..........#
#.........# #..........#
#.........# #..........#
.........# #........>.#
.........# #..........#
.........# #..........#
....... #..........#


You could see a two-headed ogre and an orc.

Vanquished Creatures
  Sigmund (D:6)
  A wraith (D:9)
  A wyvern (D:8)
  2 steam dragons (D:7)
  3 water moccasins
  2 black bears
  Pargi (Sewer)
  2 ice beasts
  5 orc warriors
  3 ogres
  A sky beast (D:8)
  A centaur (D:7)
  7 kobold brigands
  A gnoll sergeant (D:6)
  A scorpion (D:6)
  6 killer bees (D:9)
  2 howler monkeys
  6 orc priests
  6 hounds
  A jelly (D:5)
  Crazy Yiuf (D:4)
  2 iguanas
  3 sleepcaps
  Terence (D:3)
  3 orc wizards
  8 mummies (Ossuary)
  Robin (D:4)
  10 gnolls
  8 adders
  A white imp (D:5)
  2 ufetubi
  6 worms
  A dart slug (D:3)
  21 orcs
  7 bats
  6 endoplasms
  5 giant cockroaches
  17 goblins
  11 hobgoblins
  4 jackals
  21 kobolds
  4 quokkas
  7 ball pythons
  5 frilled lizards
  4 hobgoblin zombies (Ossuary)
  3 kobold zombies (Ossuary)
  An orc zombie (Ossuary)
  8 rats
224 creatures vanquished.

Notes
Turn   | Place    | Note
-------+----------+-------------------------------------------
     0 | D:1      | caec the Draconian Transmuter began the quest for the Orb.
     0 | D:1      | Reached XP level 1. HP: 16/16 MP: 3/3
   304 | D:1      | Reached XP level 2. HP: 19/23 MP: 3/5
   307 | D:1      | Learned a level 2 spell: Wereblood
  1093 | D:2      | Reached XP level 3. HP: 23/28 MP: 4/6
  1294 | D:2      | Reached XP level 4. HP: 35/35 MP: 3/7
  1357 | D:2      | Reached skill level 4 in Unarmed Combat
  2049 | D:3      | Found a white marble altar of Elyvilon.
  2049 | D:3      | Found a glowing silver altar of Zin.
  2049 | D:3      | Found a burning altar of Makhleb.
  2049 | D:3      | Found a broken altar of Ashenzari.
  2049 | D:3      | Found a shimmering blue altar of Sif Muna.
  2050 | D:3      | Found an opulent altar of Gozag.
  2214 | D:3      | Noticed Terence
  2223 | D:3      | Killed Terence
  2224 | D:3      | Reached XP level 5. HP: 34/40 MP: 6/9
  2680 | D:4      | Noticed Robin
  2681 | D:4      | Identified the amulet "Moytiucu" {rElec rPois rF+++ Regen+
                  | Str-2}
  2698 | D:4      | Killed Robin
  2709 | D:4      | Noticed an ogre
  2804 | D:4      | Found a glowing drain.
  2850 | Sewer    | Entered a sewer
  2892 | Sewer    | Noticed Pargi
  2902 | Sewer    | Killed Pargi
  2903 | Sewer    | Reached XP level 6. HP: 42/47 MP: 8/10
  3039 | D:4      | Reached skill level 1 in Stealth
  3231 | D:4      | Reached skill level 5 in Unarmed Combat
  3345 | D:4      | Found a runed translucent door.
  3346 | D:4      | Noticed Crazy Yiuf
  3356 | D:4      | Killed Crazy Yiuf
  3510 | D:5      | Entered Level 5 of the Dungeon
  3528 | D:5      | Your scales start taking on a golden yellow colour.
  3528 | D:5      | Reached XP level 7. HP: 46/52 MP: 10/12
  3528 | D:5      | Gained mutation: You are resistant to acid. (rCorr) [Yellow
                  | Draconian growth]
  3543 | D:5      | Learned a level 3 spell: Spider Form
  3714 | D:5      | Reached skill level 1 in Throwing
  3715 | D:5      | Noticed Jingleheimer's ghost (novice OpTm)
  3834 | D:5      | Found a transporter.
  3849 | D:5      | Found a transporter.
  4160 | D:5      | Found a sacrificial altar of Ru.
  4611 | D:6      | Reached skill level 6 in Unarmed Combat
  5016 | D:6      | Reached XP level 8. HP: 55/59 MP: 10/14
  5140 | D:6      | Found a sand-covered staircase.
  5147 | Ossuary  | Entered an ossuary
  5207 | Ossuary  | Gained mutation: Your skin changes colour to match your
                  | surroundings (Stealth+). [potion of mutation]
  5399 | Ossuary  | Reached skill level 7 in Unarmed Combat
  6089 | D:6      | Noticed Sigmund
  6103 | D:6      | Killed Sigmund
  6104 | D:6      | Reached skill level 5 in Spellcasting
  6104 | D:6      | Reached skill level 5 in Transmutations
  6361 | D:7      | Reached XP level 9. HP: 67/67 MP: 16/16
  6587 | D:7      | Found a staircase to the Ecumenical Temple.
  6609 | Temple   | Entered the Ecumenical Temple
  6839 | D:7      | Reached skill level 8 in Unarmed Combat
  7280 | D:7      | Lost mutation: Your skin changes colour to match your
                  | surroundings (Stealth+). [potion of mutation]
  7280 | D:7      | Gained mutation: You sometimes lose your temper in combat.
                  | [potion of mutation]
  7280 | D:7      | Gained mutation: Your tail ends in a venomous barb. [potion
                  | of mutation]
  7280 | D:7      | Gained mutation: You have sharp toenails. [potion of
                  | mutation]
  7654 | D:8      | Found a flagged portal.
  7675 | Bailey   | Entered a bailey
  7735 | Bailey   | Learned a level 4 spell: Ice Form
  7757 | Bailey   | Reached skill level 9 in Unarmed Combat
  7897 | Bailey   | Identified the +5 morningstar of Ugrot {flame, rF+ Int+3}
  8034 | Bailey   | Found a bloodstained altar of Trog.
  8099 | D:8      | Found a hide-covered altar of Uskayaw.
  8101 | D:8      | Found a radiant altar of Vehumet.
  8284 | D:8      | Reached XP level 10. HP: 48/73 MP: 19/19
  8311 | D:8      | Found a hazy altar of Hepliaklqana.
  8316 | D:8      | Became a worshipper of Hepliaklqana the Forgotten
  8660 | D:9      | Noticed a two-headed ogre
  8694 | D:9      | Noticed Grum
  8762 | D:9      | Found Fejirgh's CLEARANCE SALE!.
  8767 | D:9      | Bought a scroll of noise for 7 gold pieces
  8767 | D:9      | Bought a potion of curing for 21 gold pieces
  9007 | D:9      | Noticed a two-headed ogre
  9012 | D:9      | Reached skill level 10 in Unarmed Combat
  9017 | D:9      | HP: 2/73 [two-headed ogre/+0 giant club (14)]
  9017 | D:9      | Mangled by a two-headed ogre

Illustrated notes

Levels and vault maps discovered:
D:1:      lightli_arrival_statue_moat, layout_basic
D:2:      minmay_chambers_of_twos, layout_basic, minivault_19,
          corexii_hall_statues_x, minmay_divided_ellipse
D:3:      layout_basic, grunt_temple_overflow_open, uniq_terence
D:4:      layout_rooms, portal_sewer_entry_c, uniq_robin,
          uniq_crazy_yiuf_cottage
D:5:      layout_gridville, lemuel_tele_altar, gammafunk_ghost_arena
D:6:      layout_layer_cave, nicolae_ossuary_entry_ruins, uniq_sigmund
D:7:      layout_loops_ring, minmay_temple_entry_offerings, amethyst_killhole
D:8:      layout_basic, mainiacjoe_overflow_catwalk_spiral, marbit_many_paths,
          enter_bailey_4
D:9:      layout_long_grid, grunt_dithmenos_smoke_and_mirrors,
          david_lair_shrubbed, serial_bayou_ford_a, nicolae_shop_clearance,
          uniq_psyche, uniq_grum
Temple:   jpeg_temple_island

Skill      XL: |  1  2  3  4  5  6  7  8  9 10 |
---------------+-------------------------------+-----
Dodging        | 2 3 4 |  4.7
Unarmed Combat | 4 5 6 7 9 10 | 10.0
Transmutations | 3 4 5 6 |  6.2
Spellcasting   | 3 4 5 6 |  6.1
Stealth        | 1 2 3 |  3.2
Throwing       | 1 2 3 |  3.1
Fighting       | 2 |  2.2
Ice Magic      | |  0.2
Poison Magic   | |  0.5

Action                     |  1- 3 |  4- 6 |  7- 9 | 10-12 || total
---------------------------+-------+-------+-------+-------++-------
  Melee: Unarmed           |    80 |   199 |   307 |    11 ||   597
         Kick              |    14 |    40 |    73 |       ||   127
         Tailslap          |    11 |    17 |    42 |       ||    70
         Headbutt          |     9 |    25 |    47 |       ||    81
         Punch             |       |     8 |     8 |       ||    16
  Throw: Dart              |       |    10 |    39 |       ||    49
   Cast: Beastly Appendage |    18 |    34 |    24 |       ||    76
         Wereblood         |     4 |    13 |    13 |     1 ||    31
         Spider Form       |       |       |     4 |     1 ||     5
         Ice Form          |       |       |       |     1 ||     1
Ability: Breathe Acid      |       |       |    22 |     2 ||    24
    Use: Scroll            |     1 |     1 |     7 |     3 ||    12
         Potion            |       |     1 |     8 |       ||     9
   Stab: Sleeping          |     1 |     1 |     1 |       ||     3
         Invisible         |       |       |     1 |       ||     1
 Armour: Skin              |    31 |    76 |   137 |    17 ||   261
  Dodge: Dodged            |    44 |   128 |   261 |    40 ||   473
